 Dungeon Crawl Stone Soup version 0.20.1-1-g8b1a95d (webtiles) character file.

144 tmwrnj the Skirmisher (level 5, -8/47 HPs)
             Began as a Hill Orc Fighter on July 6, 2017.
             Killed by nerve-wracking pain
             ... invoked by Grinder
              (11 damage)
             ... while paralysed by Grinder
             ... on level 3 of the Dungeon.
             The game lasted 00:04:36 (2531 turns).

tmwrnj the Skirmisher (Hill Orc Fighter)            Turns: 2531, Time: 00:04:38

Health: -8/47      AC:  7    Str: 20    XL:     5   Next: 27%
Magic:  5/5        EV:  2    Int:  8    God:
Gold:   53         SH:  0    Dex: 10    Spells: 4/4 levels left

rFire    . . .     SeeInvis .   a - +0 war axe
rCold    . . .     Gourm    .   c - +0 shield
rNeg     . . .     Faith    .   b - +0 scale mail
rPois    .         Spirit   .   (no helmet)
rElec    .         Reflect  .   (no cloak)
rCorr    .         Harm     .   (no gloves)
MR       .....                  (no boots)
Stlth    ..........             (no amulet)
Regen    0.2/turn               (no ring)
MPRegen  0.1/turn               (no ring)

@: paralysed
A: no striking features
a: no special abilities


You were on level 3 of the Dungeon.
You were not hungry.

You visited 1 branch of the dungeon, and saw 3 of its levels.

You collected 53 gold pieces.

Inventory:

Hand Weapons
 a - a +0 war axe (weapon)
Armour
 b - a +0 scale mail (worn)
 c - a +0 shield (worn)
Jewellery
 j - a cursed amulet of inaccuracy {unknown}
 n - a cursed -2 ring of intelligence {unknown}
Scrolls
 e - 2 scrolls of teleportation {unknown}
 g - 3 scrolls of identify {unknown}
 h - 2 scrolls of recharging {unknown}
 k - 3 scrolls of noise {unknown}
 m - 2 scrolls of magic mapping {unknown}
 p - 3 scrolls of remove curse {unknown}
 q - a scroll of blinking {unknown}
 u - a scroll of enchant weapon {unknown}
 x - a scroll of enchant armour {unknown}
Potions
 d - a potion of might
 i - a potion of degeneration {unknown}
 o - a potion of curing {unknown}
 t - a potion of mutation {unknown}
 v - a potion of brilliance {unknown}
Comestibles
 f - 4 bread rations
 l - a royal jelly
 r - 4 fruits
 s - a meat ration
 w - a chunk of flesh


   Skills:
 + Level 4.7 Fighting
 + Level 4.5 Axes
 + Level 4.1 Armour
 + Level 0.4 Dodging
 + Level 0.1 Stealth
 + Level 3.9 Shields


You had 4 spell levels left.
You didn't know any spells.

Dungeon Overview and Level Annotations

Branches:
Dungeon (3/15)

Altars:

Annotations:
D:3 Grinder


Message History

Grinder is almost dead.
Grinder says, "FISH!"
You block Grinder's attack. Grinder gestures at you.
You resist with significant effort.
You closely miss Grinder.
Grinder is almost dead.
Grinder barely misses you.
You hit Grinder but do no damage.
Grinder is almost dead.
Grinder gestures at you. Pain shoots through your body!
* * * LOW HITPOINT WARNING * * *
Your shield and scale mail prevent you from hitting Grinder.
Grinder is almost dead.
Grinder gestures at you.
You suddenly lose the ability to move!
Grinder gestures at you. Pain shoots through your body!
You die...

#.># ##).# #...#
#.#.# #.#.# #.#)#
###†#.# .##....#
###. #.#@## #..
##.#5# #.###..#<#
# #####.##>.##.#
...##.....#..###.#
.......)....## #.#
....w.......# ##.#
............# #..#
..........).# #.##


You could see Grinder.

Vanquished Creatures
  A scorpion (D:2)
  3 adders
  A gnoll (D:1)
  3 worms
  2 leopard geckos (D:2)
  An orc (D:3)
  3 giant cockroaches
  5 goblins
  6 hobgoblins
  2 jackals (D:3)
  A quokka (D:2)
  2 ball pythons (D:2)
  5 bats
  3 frilled lizards
  9 kobolds
  4 rats
51 creatures vanquished.

Notes
Turn   | Place    | Note
-------+----------+-------------------------------------------
     0 | D:1      | tmwrnj the Hill Orc Fighter began the quest for the Orb.
     0 | D:1      | Reached XP level 1. HP: 19/19 MP: 1/1
    89 | D:1      | Reached XP level 2. HP: 4/27 MP: 2/2
   698 | D:1      | Reached XP level 3. HP: 33/33 MP: 3/3
  1958 | D:2      | Reached XP level 4. HP: 40/40 MP: 4/4
  2287 | D:3      | Noticed Grinder
  2288 | D:3      | Paralysed by Grinder for 7 turns
  2315 | D:2      | Reached XP level 5. HP: 37/47 MP: 5/5
  2494 | D:3      | Paralysed by Grinder for 2 turns
  2512 | D:3      | Paralysed by Grinder for 4 turns
  2531 | D:3      | Paralysed by Grinder for 5 turns
  2531 | D:3      | Killed from afar by Grinder

Skill      XL: |  1  2  3  4 |
---------------+-------------+-----
Fighting       | 4 |  4.7
Axes           | 3 4 |  4.5
Armour         | 4 |  4.1
Dodging        | |  0.4
Stealth        | |  0.1
Shields        | |  3.9

Action                   |  1- 3 |  4- 6 || total
-------------------------+-------+-------++-------
Melee: War axe           |   109 |    66 ||   175
  Eat: Chunk             |     3 |     2 ||     5
Armor: Scale mail        |    39 |    28 ||    67
Dodge: Dodged            |    44 |    22 ||    66
Block: Shield            |    50 |    33 ||    83
